 Dungeon Crawl Stone Soup version 0.17.1-3-g152610e (webtiles) character file.

142 Alarkh the Insei (level 5, 0/35 HPs)
             Began as an Octopode Transmuter on Apr 18, 2016.
             Was a Follower of Kikubaaqudgha.
             Killed by miscasting Spider Form (6 damage)
             ... in a sewer.
             The game lasted 00:04:00 (2773 turns).

Alarkh the Insei (Octopode Transmuter)              Turns: 2773, Time: 00:04:00

Health: 0/35       AC:  1    Str:  9    XL:     5   Next: 24%
Magic:  2/8        EV: 13    Int: 16    God:    Kikubaaqudgha [*.....]
Gold:   131        SH:  0    Dex: 13    Spells: 1 memorised, 5 levels left

rFire  . . .     SeeInvis .       - Unarmed
rCold  . . .     Clarity  .     (no shield)
rNeg   . . .     SustAt   .     (helmet restricted)
rPois  +         Gourm    .     (no amulet)
rElec  .         Spirit   .     d - ring of poison resistance
rCorr  .         Warding  .     i - ring of flight
rMut   .         Stasis   .     (no ring)
MR     .....                    (no ring)
Stlth  ++........               (no ring)
                                (no ring)
                                (no ring)
                                (no ring)

@: very slightly contaminated, not resistant to hostile enchantments, unstealthy
A: almost no armour, amphibious, 8 rings, constrict 8, camouflage 1, gelatinous
body 1
a: Receive Corpses, Renounce Religion, Evoke Flight


You were in a sewer.
You worshipped Kikubaaqudgha.
Kikubaaqudgha was aware of your devotion.
You were not hungry.

You visited 1 branch of the dungeon, and saw 3 of its levels.
You also visited: Sewer.

You collected 131 gold pieces.

Inventory:

Missiles
 a - 25 arrows
Jewellery
 d - a ring of poison resistance (left tentacle)
 i - a ring of flight (right tentacle)
Scrolls
 e - 3 scrolls of blinking
 m - 2 scrolls of remove curse
 o - a scroll of recharging
 p - a scroll of enchant weapon
Potions
 h - 3 potions of curing {unknown}
 l - a potion of degeneration {unknown}
 q - a potion of haste {unknown}
 r - a potion of ambrosia {unknown}
Books
 b - a book of Changes

   Spells                             Type                      Level
   a - Beastly Appendage              Transmutation                1
   b - Sticks to Snakes               Transmutation                2
   c - Spider Form                    Transmutation/Poison         3
   d - Ice Form                       Ice/Transmutation            4
   e - Blade Hands                    Transmutation                5
 f - Kikubaaqudgha's Reference Book on Unholy Arts
   (Kikubaaqudgha gifted it to you on level 3 of the Dungeon)

   Spells                             Type                      Level
   a - Pain                           Necromancy                   1
   b - Corpse Rot                     Necromancy                   2
   c - Sublimation of Blood           Necromancy                   2
   d - Vampiric Draining              Necromancy                   3
   e - Control Undead                 Necromancy                   4
Comestibles
 c - 3 bread rations
 g - a beef jerky
 j - a meat ration
 k - 3 fruits
 n - 6 chunks of flesh


   Skills:
 + Level 2.5 Fighting
 + Level 3.2 Dodging
 * Level 4.4 Unarmed Combat
 - Level 2.0 Spellcasting
 - Level 2.0 Transmutations


You had 5 spell levels left.
You knew the following spells:

 Your Spells              Type           Power        Failure   Level  Hunger
a - Spider Form           Trmt/Pois      #.........   38%         3    ###....


Dungeon Overview and Level Annotations

Branches:
Dungeon (3/15)

Altars:
Kikubaaqudgha


Innate Abilities, Weirdness & Mutations

You cannot wear most types of armour.
You are amphibious.
You can wear up to eight rings at the same time.
You can use your tentacles to constrict eight enemies at once.
Your skin changes colour to match your surroundings (Stealth).
Your rubbery body absorbs attacks (AC +1).


Message History

* * * LOW HITPOINT WARNING * * *
You tentacle-slap the river rat but do no damage.
The river rat is lightly wounded.
You constrict the river rat. The river rat bites you.
* * * LOW HITPOINT WARNING * * *
Casting: Spider Form
Confirm with . or Enter, or press ? or * to list all spells.
You don't know that spell.
Casting: Spider Form
Confirm with . or Enter, or press ? or * to list all spells.
You miscast Spider Form.
You are very lightly contaminated with residual magic.
Nothing appears to happen.
You constrict the river rat. The river rat bites you.
* * * LOW HITPOINT WARNING * * *
Casting: Spider Form
Confirm with . or Enter, or press ? or * to list all spells.
You miscast Spider Form.
Your body is twisted painfully.
You die...
Kikubaaqudgha rasps: "You have failed me!
Welcome... death!"

#.#
#.#
#.#
#r#
#r#
#∩#
#r#
#∩#
#@#
#r#
#r#
#.#
###


You could see a river rat and 4 rats.

Vanquished Creatures
  A giant frog zombie (D:3)
  3 adders (D:3)
  A river rat (D:3)
  An ooze (D:2)
  2 worms (D:2)
  5 giant geckos
  3 orcs (D:3)
  5 goblins
  6 hobgoblins
  11 bats
  5 giant cockroaches
  3 giant newts
  10 kobolds
  A quokka (D:3)
  7 rats
64 creatures vanquished.

Notes
Turn   | Place    | Note
--------------------------------------------------------------
     0 | D:1      | Alarkh the Octopode Transmuter began the quest for the Orb.
     0 | D:1      | Reached XP level 1. HP: 13/13 MP: 3/3
   748 | D:1      | Reached XP level 2. HP: 18/18 MP: 5/5
  1530 | D:2      | Reached XP level 3. HP: 19/23 MP: 6/6
  1825 | D:2      | Learned a level 3 spell: Spider Form
  1890 | D:2      | Found an ancient bone altar of Kikubaaqudgha.
  2048 | D:2      | Became a worshipper of Kikubaaqudgha
  2338 | D:3      | Reached XP level 4. HP: 24/29 MP: 5/7
  2397 | D:3      | Reached skill level 4 in Unarmed Combat
  2674 | D:3      | Reached * piety under Kikubaaqudgha
  2674 | D:3      | Received a gift from Kikubaaqudgha
  2675 | D:3      | Identified Kikubaaqudgha's Reference Book on Unholy Arts (Kikubaaqudgha gifted it to you on level 3 of the Dungeon)
  2695 | D:3      | Reached XP level 5. HP: 32/35 MP: 4/8
  2760 | D:3      | Found a glowing drain.
  2764 | Sewer    | Entered a sewer
  2773 | Sewer    | Killed by miscasting Spider Form

Action                   |  1- 3 |  4- 6 || total
-------------------------+-------+-------++-------
Melee: Unarmed           |   107 |    71 ||   178
 Cast: Beastly Appendage |     6 |     1 ||     7
       Spider Form       |       |     1 ||     1
  Use: Scroll            |     1 |     4 ||     5
 Stab: Sleeping          |    10 |     4 ||    14
  Eat: Chunk             |     4 |     2 ||     6
